MWL (24 & UNDER)
BARRY'S BAY ORIOLES @ MANHATTEN MEATHEADS
06/28/2024
 
TOP OF THE 1ST
Barry's Bay Orioles batting - Pitching for Manhatten Meatheads : RHP Rodney Hall
Pitching: RHP Rodney Hall
Batting: RHB Juan Méndez 0-0: Ball
1-0: Fly out, F8 (Flyball, 8RM)
Batting: RHB Curt Wagner 0-0: Ball
1-0: Fly out, F8 (Flyball, 78M)
Batting: RHB Shaun Puckett 0-0: Ball
1-0: Ground out 6-3 (Groundball, 6)
Top of the 1st over - 0 run(s), 0 hit(s), 0 error(s), 0 left on base; Barry's Bay 0 - Manhatten 0
BOTTOM OF THE 1ST
Manhatten Meatheads batting - Pitching for Barry's Bay Orioles : LHP Juan Jiménez
Pitching: LHP Juan Jiménez
Batting: SHB Will Evans 0-0: Called Strike
0-1: Foul Ball, location: 2F
0-2: Ball
1-2: Ball
2-2: Strikes out swinging
Batting: LHB Magali Foulerton 0-0: Ball
1-0: Fly out, F2 (Popup, 5SF)
Batting: RHB Stanley Robbins 0-0: Called Strike
0-1: Foul Ball, location: 2F
Reached via error on a dropped throw, E3
Batting: RHB Júlio Galló 0-0: Called Strike
0-1: Called Strike
Stanley Robbins is caught stealing 2nd base
Bottom of the 1st over - 0 run(s), 0 hit(s), 1 error(s), 0 left on base; Barry's Bay 0 - Manhatten 0
TOP OF THE 2ND
Barry's Bay Orioles batting - Pitching for Manhatten Meatheads : RHP Rodney Hall
Batting: LHB Javier Orozco 0-0: Fly out, F9 (Flyball, 89S)
Batting: RHB Pedro Molina 0-0: Foul Ball, location: 2F
0-1: Ball
1-1: Fly out, F9 (Flyball, 9M)
Batting: SHB Walt Simmons 0-0: Ball
1-0: Ball
2-0: Called Strike
2-1: Called Strike
2-2: Foul Ball, location: 2F
2-2: Ball
3-2: Base on Balls
Batting: LHB Juan Romero 0-0: Swinging Strike
0-1: Fly out, F7 (Flyball, 7LMF)
Top of the 2nd over - 0 run(s), 0 hit(s), 0 error(s), 1 left on base; Barry's Bay 0 - Manhatten 0
BOTTOM OF THE 2ND
Manhatten Meatheads batting - Pitching for Barry's Bay Orioles : LHP Juan Jiménez
Batting: RHB Júlio Galló 0-0: Ball
1-0: Ground out 6-3 (Groundball, 6)
Batting: SHB Vitaliano Capuana 0-0: Ball
1-0: Ground out 4-3 (Groundball, 4)
Batting: RHB Ramón Ybarra 0-0: Ball
1-0: Called Strike
1-1: Called Strike
1-2: Ball
2-2: Ball
3-2: Foul Ball, location: 2F
3-2: Base on Balls
Batting: SHB León Glaviz 0-0: Ball
1-0: Ball
2-0: Called Strike
2-1: Fly out, F8 (Flyball, 8RM)
Bottom of the 2nd over - 0 run(s), 0 hit(s), 0 error(s), 1 left on base; Barry's Bay 0 - Manhatten 0
TOP OF THE 3RD
Barry's Bay Orioles batting - Pitching for Manhatten Meatheads : RHP Rodney Hall
Batting: RHB Jeremy Flemming 0-0: Ball
1-0: Called Strike
1-1: Called Strike
1-2: Fly out, F9 (Flyball, 89S)
Batting: LHB Martin Short 0-0: Ball
1-0: Swinging Strike
1-1: Called Strike
1-2: Strikes out swinging
Batting: RHB Juan Méndez 0-0: Called Strike
0-1: SINGLE (Line Drive, 7S)
Batting: RHB Curt Wagner 0-0: Called Strike
Juan Méndez is caught stealing 2nd base
Top of the 3rd over - 0 run(s), 1 hit(s), 0 error(s), 0 left on base; Barry's Bay 0 - Manhatten 0
BOTTOM OF THE 3RD
Manhatten Meatheads batting - Pitching for Barry's Bay Orioles : LHP Juan Jiménez
Batting: RHB Alfredo Díaz 0-0: Ball
1-0: Called Strike
1-1: Ball
2-1: Ball
3-1: Base on Balls
Batting: RHB Mark McDonald 0-0: Called Strike
0-1: Called Strike
0-2: Strikes out swinging
Batting: SHB Will Evans 0-0: Ball
1-0: Ball
2-0: Called Strike
2-1: Ball
Alfredo Díaz steals 2nd base
3-1: Fly out, F9 (Flyball, 9M)
Batting: LHB Magali Foulerton 0-0: Ball
1-0: SINGLE (Groundball, 34D)
Alfredo Díaz to third
Runner from 3rd tries for Home, SAFE, no throw or cutoff
Batting: RHB Stanley Robbins 0-0: Ground out 5-3 (Groundball, 5L)
Bottom of the 3rd over - 1 run(s), 1 hit(s), 0 error(s), 1 left on base; Barry's Bay 0 - Manhatten 1
TOP OF THE 4TH
Barry's Bay Orioles batting - Pitching for Manhatten Meatheads : RHP Rodney Hall
Batting: RHB Curt Wagner 0-0: Ball
1-0: Ball
2-0: Ball
3-0: Base on Balls
Batting: RHB Shaun Puckett 0-0: Fly out, F9 (Flyball, 9M)
Batting: LHB Javier Orozco 0-0: Ball
1-0: Foul Ball, location: 2F
1-1: Foul Ball, location: 2F
1-2: Strikes out swinging
Batting: RHB Pedro Molina 0-0: Called Strike
0-1: Ball
1-1: Ball
2-1: Ball
3-1: Base on Balls
Curt Wagner to second
Batting: SHB Walt Simmons 0-0: Called Strike
0-1: Foul Ball, location: 2F
0-2: Foul Ball, location: 2F
0-2: Ball
1-2: Ball
2-2: Strikes out swinging
Top of the 4th over - 0 run(s), 0 hit(s), 0 error(s), 2 left on base; Barry's Bay 0 - Manhatten 1
BOTTOM OF THE 4TH
Manhatten Meatheads batting - Pitching for Barry's Bay Orioles : LHP Juan Jiménez
Batting: RHB Júlio Galló 0-0: Ball
1-0: SINGLE (Groundball, 56D)
Batting: SHB Vitaliano Capuana 0-0: Ball
1-0: Ball
2-0: Ball
3-0: Called Strike
3-1: Fly out, F9 (Popup, 9S)
Batting: RHB Ramón Ybarra 0-0: Swinging Strike
0-1: Foul Ball, location: 2F
0-2: Foul Ball, location: 2F
0-2: Strikes out swinging
Batting: SHB León Glaviz 0-0: Ball
1-0: SINGLE (Line Drive, 6MD)
Júlio Galló to second
Runner from 2nd tries for 3rd, SAFE, throw made to third
Batting: RHB Alfredo Díaz 0-0: Swinging Strike
0-1: Ground out 6-3 (Groundball, 6)
Bottom of the 4th over - 0 run(s), 2 hit(s), 0 error(s), 2 left on base; Barry's Bay 0 - Manhatten 1
TOP OF THE 5TH
Barry's Bay Orioles batting - Pitching for Manhatten Meatheads : RHP Rodney Hall
Batting: LHB Juan Romero 0-0: Called Strike
0-1: Ball
1-1: Ball
2-1: Called Strike
2-2: Ball
3-2: Foul Ball, location: 2F
3-2: Foul Ball, location: 2F
3-2: Base on Balls
Batting: RHB Jeremy Flemming 0-0: Ball
1-0: SINGLE (Groundball, 6M)
Juan Romero to second
Batting: LHB Martin Short 0-0: Foul Ball, location: 2F
0-1: Called Strike
0-2: Strikes out swinging
Batting: RHB Juan Méndez 0-0: Called Strike
0-1: SINGLE (Line Drive, 4D)
Juan Romero to third
Jeremy Flemming to second
Runner from 3rd tries for Home, SAFE, no throw or cutoff
Batting: RHB Curt Wagner 0-0: Ball
1-0: Fly out, F5 (Popup, 15)
Batting: RHB Shaun Puckett 0-0: Ball
1-0: Called Strike
1-1: Ball
2-1: Ball
3-1: Called Strike
3-2: Foul Ball, location: 2F
3-2: Base on Balls
Jeremy Flemming to third
Juan Méndez to second
Batting: LHB Javier Orozco 0-0: Ball
1-0: Fly out, F8 (Flyball, 89M)
Top of the 5th over - 1 run(s), 2 hit(s), 0 error(s), 3 left on base; Barry's Bay 1 - Manhatten 1
BOTTOM OF THE 5TH
Manhatten Meatheads batting - Pitching for Barry's Bay Orioles : LHP Juan Jiménez
Batting: RHB Mark McDonald 0-0: SINGLE (Groundball, 5D)
Batting: SHB Will Evans 0-0: Ball
1-0: Called Strike
1-1: Called Strike
1-2: Ball
2-2: Grounds into double play, 4-6-3 (Groundball, 4)
Batting: LHB Magali Foulerton 0-0: Ball
1-0: Foul Ball, location: 2F
1-1: Foul Ball, location: 2F
1-2: Fly out, F3 (Popup, 34S)
Bottom of the 5th over - 0 run(s), 1 hit(s), 0 error(s), 0 left on base; Barry's Bay 1 - Manhatten 1
TOP OF THE 6TH
Barry's Bay Orioles batting - Pitching for Manhatten Meatheads : RHP Rodney Hall
Batting: RHB Pedro Molina 0-0: Ground out 5-3 (Groundball, 5S)
Batting: SHB Walt Simmons 0-0: Ball
1-0: Swinging Strike
1-1: Ball
2-1: Foul Ball, location: 2F
2-2: Strikes out looking
Batting: LHB Juan Romero 0-0: Foul Ball, location: 2F
0-1: SINGLE (Line Drive, 6MD)
Batting: RHB Jeremy Flemming 0-0: Ball
1-0: Called Strike
1-1: Foul Ball, location: 2F
1-2: TRIPLE (Flyball, 9LM)
Juan Romero scores
Pitching: RHP Matt Johnston
Batting: LHB Martin Short 0-0: Ball
1-0: Ball
2-0: Fly out, F6 (Popup, 5DF)
Top of the 6th over - 1 run(s), 2 hit(s), 0 error(s), 1 left on base; Barry's Bay 2 - Manhatten 1
BOTTOM OF THE 6TH
Manhatten Meatheads batting - Pitching for Barry's Bay Orioles : LHP Juan Jiménez
Batting: RHB Stanley Robbins 0-0: Ball
1-0: Fly out, F8 (Flyball, 8LM)
Batting: RHB Júlio Galló 0-0: Called Strike
0-1: Foul Ball, location: 2F
0-2: Foul Ball, location: 2F
0-2: Foul Ball, location: 2F
0-2: Ball
1-2: Strikes out swinging
Batting: SHB Vitaliano Capuana 0-0: Fly out, F9 (Flyball, 9LS)
Bottom of the 6th over - 0 run(s), 0 hit(s), 0 error(s), 0 left on base; Barry's Bay 2 - Manhatten 1
TOP OF THE 7TH
Barry's Bay Orioles batting - Pitching for Manhatten Meatheads : RHP Matt Johnston
Batting: RHB Juan Méndez 0-0: Fly out, F8 (Flyball, 8RXD)
Batting: RHB Curt Wagner 0-0: Ball
1-0: Ball
2-0: Ground out 6-3 (Groundball, 6)
Batting: RHB Shaun Puckett 0-0: Ball
1-0: DOUBLE (Line Drive, 9LS)
Batting: LHB Javier Orozco 0-0: Swinging Strike
0-1: Fly out, F7 (Flyball, 7D)
Top of the 7th over - 0 run(s), 1 hit(s), 0 error(s), 1 left on base; Barry's Bay 2 - Manhatten 1
BOTTOM OF THE 7TH
Manhatten Meatheads batting - Pitching for Barry's Bay Orioles : LHP Juan Jiménez
Batting: RHB Ramón Ybarra 0-0: Called Strike
0-1: Foul Ball, location: 2F
0-2: Strikes out swinging
Batting: SHB León Glaviz 0-0: Ball
1-0: Ball
2-0: Ball
3-0: Called Strike
3-1: Base on Balls
Pitching: RHP Christian Wright
Batting: RHB Alfredo Díaz 0-0: Ball
1-0: Called Strike
1-1: Ball
2-1: Foul Ball, location: 2F
2-2: Strikes out swinging
Pinch Hitting: SHB Kent Phillips 0-0: Called Strike
0-1: Called Strike
0-2: Strikes out swinging
Bottom of the 7th over - 0 run(s), 0 hit(s), 0 error(s), 1 left on base; Barry's Bay 2 - Manhatten 1
TOP OF THE 8TH
Barry's Bay Orioles batting - Pitching for Manhatten Meatheads : RHP Matt Johnston
Now in LF: José Sousa
Batting: RHB Pedro Molina 0-0: Ball
1-0: Ball
2-0: Called Strike
2-1: Ground out 6-3 (Groundball, 6)
Batting: SHB Walt Simmons 0-0: Ball
1-0: Called Strike
1-1: Foul Ball, location: 2F
1-2: Strikes out swinging
Batting: LHB Juan Romero 0-0: Foul Ball, location: 2F
0-1: Ball
1-1: SINGLE (Groundball, 5D)
Pinch Hitting: RHB Tom Hughes 0-0: Ball
Passed Ball!
Juan Romero to second
1-0: Swinging Strike
1-1: Called Strike
1-2: Ball
2-2: Ball
3-2: Base on Balls
Batting: LHB Martin Short 0-0: Called Strike
0-1: Called Strike
0-2: Foul Ball, location: 2F
0-2: Ball
1-2: Ball
2-2: Ball
3-2: Base on Balls
Juan Romero to third
Tom Hughes to second
Pinch Hitting: LHB John Horton 0-0: Ball
1-0: Ball
2-0: Swinging Strike
2-1: Swinging Strike
2-2: Ball
3-2: Strikes out swinging
Top of the 8th over - 0 run(s), 1 hit(s), 0 error(s), 3 left on base; Barry's Bay 2 - Manhatten 1
BOTTOM OF THE 8TH
Manhatten Meatheads batting - Pitching for Barry's Bay Orioles : RHP Christian Wright
Pitching: LHP Jerry Wolfe
Now in CF: Juan Castillo
Now in RF: Rafael Ornelas
Batting: SHB Will Evans 0-0: Called Strike
0-1: Fly out, F6 (Popup, 6MD)
Batting: LHB Magali Foulerton 0-0: Ball
1-0: SINGLE (Groundball, 34D)
Pitching: RHP Augusto Ruíz
Batting: RHB Stanley Robbins 0-0: Ball
1-0: Fielders Choice at 2nd, 5-4 (Groundball, 5)
Now at 2B: Brian Parks
Pinch Hitting: RHB Juan Reyes 0-0: Ball
1-0: Fly out, F8 (Flyball, 78M)
Bottom of the 8th over - 0 run(s), 1 hit(s), 0 error(s), 1 left on base; Barry's Bay 2 - Manhatten 1
TOP OF THE 9TH
Barry's Bay Orioles batting - Pitching for Manhatten Meatheads : RHP Matt Johnston
Pitching: RHP Mario Tovar
Now at 2B: Juan Reyes
Batting: RHB Curt Wagner 0-0: Ball
1-0: Foul Ball, location: 2F
1-1: Called Strike
1-2: Strikes out swinging
Batting: RHB Shaun Puckett 0-0: Foul Ball, location: 2F
0-1: Ball
1-1: Foul Ball, location: 2F
1-2: Ball
2-2: Strikes out swinging
Batting: LHB Javier Orozco 0-0: Ground out 6-3 (Groundball, 6)
Top of the 9th over - 0 run(s), 0 hit(s), 0 error(s), 0 left on base; Barry's Bay 2 - Manhatten 1
BOTTOM OF THE 9TH
Manhatten Meatheads batting - Pitching for Barry's Bay Orioles : RHP Augusto Ruíz
Pitching: LHP Ben Turner
Batting: SHB Vitaliano Capuana 0-0: Called Strike
0-1: Fly out, F8 (Flyball, 8RM)
Batting: RHB Ramón Ybarra 0-0: Called Strike
0-1: Called Strike
0-2: Foul Ball, location: 2F
0-2: Ball
1-2: Reached on Error, E7 (Line Drive, 7S)
Pinch Hitting: RHB Greg Lee 0-0: Ball
1-0: Called Strike
1-1: Ball
Wild Pitch!
Ramón Ybarra to third
2-1: Foul Ball, location: 2F
2-2: Foul Ball, location: 2F
2-2: Ball
3-2: Strikes out swinging
Batting: RHB Alfredo Díaz 0-0: SINGLE (Line Drive, 89S)
Ramón Ybarra scores
Batting: SHB José Sousa 0-0: Fly out, F2 (Popup, 2LF)
Bottom of the 9th over - 1 run(s), 1 hit(s), 1 error(s), 1 left on base; Barry's Bay 2 - Manhatten 2
TOP OF THE 10TH
Barry's Bay Orioles batting - Pitching for Manhatten Meatheads : RHP Mario Tovar
Now at C: Greg Lee
Batting: RHB Pedro Molina 0-0: Fly out, F7 (Flyball, 7M)
Batting: SHB Walt Simmons 0-0: Ball
1-0: Foul Ball, location: 2F
1-1: Ball
2-1: Ball
3-1: Swinging Strike
3-2: Strikes out swinging
Batting: RHB Brian Parks 0-0: SINGLE (Groundball, 6D)
Pinch Hitting: LHB Dave Gordon 0-0: Ball
1-0: Ball
2-0: Ball
3-0: Base on Balls
Brian Parks to second
Pinch Hitting: LHB Joe Baker 0-0: Fielders Choice at 2nd, U4 (Groundball, 4M)
Top of the 10th over - 0 run(s), 1 hit(s), 0 error(s), 2 left on base; Barry's Bay 2 - Manhatten 2
BOTTOM OF THE 10TH
Manhatten Meatheads batting - Pitching for Barry's Bay Orioles : LHP Ben Turner
Now at C: Dave Gordon
Now at 1B: Joe Baker
Batting: SHB Will Evans 0-0: Swinging Strike
0-1: Called Strike
0-2: Ball
1-2: Strikes out swinging
Batting: LHB Magali Foulerton 0-0: Ball
1-0: Called Strike
1-1: Fly out, F8 (Flyball, 8LM)
Batting: RHB Stanley Robbins 0-0: Foul Ball, location: 2F
0-1: Ball
1-1: Called Strike
1-2: Strikes out swinging
Bottom of the 10th over - 0 run(s), 0 hit(s), 0 error(s), 0 left on base; Barry's Bay 2 - Manhatten 2
TOP OF THE 11TH
Barry's Bay Orioles batting - Pitching for Manhatten Meatheads : RHP Mario Tovar
Pitching: LHP Enrico Lozano
Batting: RHB Juan Castillo 0-0: Ball
1-0: Foul Ball, location: 2F
1-1: Ball
2-1: Swinging Strike
2-2: Ground out 3-1 (Groundball, 3)
Batting: RHB Curt Wagner 0-0: Ball
1-0: Foul Ball, location: 2F
1-1: Foul Ball, location: 2F
1-2: Fly out, F4 (Popup, 4D)
Batting: RHB Shaun Puckett 0-0: SINGLE (Groundball, 34D)
Batting: LHB Javier Orozco 0-0: Called Strike
0-1: Called Strike
0-2: Strikes out swinging
Top of the 11th over - 0 run(s), 1 hit(s), 0 error(s), 1 left on base; Barry's Bay 2 - Manhatten 2
BOTTOM OF THE 11TH
Manhatten Meatheads batting - Pitching for Barry's Bay Orioles : LHP Ben Turner
Pitching: RHP Chad Weber
Batting: RHB Juan Reyes 0-0: Ball
1-0: Called Strike
1-1: Ball
2-1: Called Strike
2-2: Strikes out swinging
Batting: SHB Vitaliano Capuana 0-0: Reached on error, E4 (Groundball, 4M)
Batting: RHB Ramón Ybarra 0-0: Intentional Walk
Batting: RHB Greg Lee 0-0: Called Strike
0-1: Fly out, F5 (Line Drive, 5F)
Batting: RHB Alfredo Díaz 0-0: Called Strike
0-1: Ball
1-1: Ball
2-1: Fly out, F7 (Flyball, 7M)
Bottom of the 11th over - 0 run(s), 0 hit(s), 1 error(s), 2 left on base; Barry's Bay 2 - Manhatten 2
TOP OF THE 12TH
Barry's Bay Orioles batting - Pitching for Manhatten Meatheads : LHP Enrico Lozano
Batting: RHB Pedro Molina 0-0: Ball
1-0: Ball
2-0: Foul Ball, location: 2F
2-1: Ball
3-1: Base on Balls
Batting: SHB Walt Simmons 0-0: Ball
1-0: Called Strike
1-1: Swinging Strike
1-2: Foul Ball, location: 2F
1-2: Ball
2-2: Strikes out swinging
Batting: RHB Brian Parks 0-0: Ball
1-0: Fly out, F9 (Line Drive, 9M)
Pinch Hitting: RHB Tommy Wilson 0-0: Ball
1-0: Called Strike
1-1: Ball
2-1: Fly out, F4 (Popup, 4D)
Top of the 12th over - 0 run(s), 0 hit(s), 0 error(s), 1 left on base; Barry's Bay 2 - Manhatten 2
BOTTOM OF THE 12TH
Manhatten Meatheads batting - Pitching for Barry's Bay Orioles : RHP Chad Weber
Now at C: Tommy Wilson
Batting: SHB José Sousa 0-0: Called Strike
0-1: Ground out 3-1 (Groundball, 3)
Batting: SHB Will Evans 0-0: Ball
1-0: Called Strike
1-1: Foul Ball, location: 2F
1-2: Ball
2-2: Foul Ball, location: 2F
2-2: Strikes out swinging
Batting: LHB Magali Foulerton 0-0: Ball
1-0: Swinging Strike
1-1: Swinging Strike
1-2: Foul Ball, location: 2F
1-2: Ball
2-2: Strikes out looking
Bottom of the 12th over - 0 run(s), 0 hit(s), 0 error(s), 0 left on base; Barry's Bay 2 - Manhatten 2
TOP OF THE 13TH
Barry's Bay Orioles batting - Pitching for Manhatten Meatheads : LHP Enrico Lozano
Batting: LHB Joe Baker 0-0: Foul Ball, location: 2F
0-1: Foul Ball, location: 2F
0-2: Ball
1-2: Ball
2-2: Strikes out swinging
Batting: RHB Juan Castillo 0-0: Foul Ball, location: 2F
0-1: Foul Ball, location: 2F
0-2: Ball
1-2: Strikes out swinging
Batting: RHB Curt Wagner 0-0: Ball
1-0: Ball
2-0: Ball
3-0: Base on Balls
Pitching: LHP Dave Blackwell
Batting: RHB Shaun Puckett 0-0: Foul Ball, location: 2F
0-1: Ball
1-1: Foul Ball, location: 2F
1-2: Strikes out swinging
Top of the 13th over - 0 run(s), 0 hit(s), 0 error(s), 1 left on base; Barry's Bay 2 - Manhatten 2
BOTTOM OF THE 13TH
Manhatten Meatheads batting - Pitching for Barry's Bay Orioles : RHP Chad Weber
Batting: RHB Stanley Robbins 0-0: Called Strike
0-1: Called Strike
0-2: Strikes out swinging
Batting: RHB Juan Reyes 0-0: Ball
1-0: Ball
2-0: Ball
3-0: Called Strike
3-1: Fly out, F7 (Flyball, 7M)
Batting: SHB Vitaliano Capuana 0-0: Ball
1-0: Ball
2-0: Ball
3-0: Base on Balls
Batting: RHB Ramón Ybarra 0-0: Ball
Balk!
Vitaliano Capuana to second
1-0: Ball
2-0: Foul Ball, location: 2F
2-1: Ball
3-1: Base on Balls
Batting: RHB Greg Lee 0-0: Called Strike
0-1: Foul Ball, location: 2F
0-2: Fly out, F4 (Popup, 4MD)
Bottom of the 13th over - 0 run(s), 0 hit(s), 0 error(s), 2 left on base; Barry's Bay 2 - Manhatten 2
TOP OF THE 14TH
Barry's Bay Orioles batting - Pitching for Manhatten Meatheads : LHP Dave Blackwell
Batting: LHB Javier Orozco 0-0: SINGLE (Groundball, 4MD) (infield hit)
Batting: RHB Pedro Molina 0-0: Called Strike
0-1: Ball
1-1: Foul Ball, location: 2F
1-2: Ball
2-2: Foul Ball, location: 2F
2-2: Grounds into double play, 5-4-3 (Groundball, 56)
Batting: SHB Walt Simmons 0-0: Ball
1-0: Fly out, F8 (Flyball, 8RM)
Top of the 14th over - 0 run(s), 1 hit(s), 0 error(s), 0 left on base; Barry's Bay 2 - Manhatten 2
BOTTOM OF THE 14TH
Manhatten Meatheads batting - Pitching for Barry's Bay Orioles : RHP Chad Weber
Batting: RHB Alfredo Díaz 0-0: Called Strike
0-1: Ball
1-1: Foul Ball, location: 2F
1-2: SINGLE (Line Drive, 6MD)
Pitching: RHP Daniel Washington
Batting: SHB José Sousa 0-0: Sac Bunt - play at first, batter OUT! 2-4
Alfredo Díaz to second
Batting: SHB Will Evans 0-0: Called Strike
0-1: SINGLE (Groundball, 13) (infield hit)
Alfredo Díaz to third
Batting: LHB Magali Foulerton 0-0: Ball
1-0: Hit by Pitch
Will Evans to second
Batting: RHB Stanley Robbins 0-0: Fly out, F9 (Flyball, 9M)
Runner from 3rd tags up, SCORES, no throw
This league is powered by Out of the Park Baseball, the baseball management simulation game for PC, Mac and Linux
Saturday, April 9th, 2016 - OOTP Baseball 16.8 Build 38